TOP OF THE 1ST |
---|
Kalamazoo Royale with Cheese batting - Pitching for St. Louis Browns : LHP Jeff Sandusky | Pitching: LHP Jeff Sandusky | | Batting: LHB Javier Espinoza | 0-0: Called Strike 0-1: Ball 1-1: Ball 2-1: Foul Ball, location: 2F 2-2: Foul Ball, location: 2F 2-2: Foul Ball, location: 2F 2-2: Fly out, F7 (Flyball, 7S) | Batting: SHB Caden Keith | 0-0: Foul Ball, location: 2F 0-1: Ball 1-1: Ball 2-1: Swinging Strike 2-2: Foul Ball, location: 2F 2-2: Foul Ball, location: 2F 2-2: Ball 3-2: DOUBLE (Groundball, 5L) | Batting: RHB Tae-kwon Kwon | 0-0: Foul Ball, location: 2F 0-1: SINGLE (Groundball, 4M) (infield hit) Caden Keith to third | Batting: RHB José Velásquez | 0-0: Foul Ball, location: 2F 0-1: Ball Passed Ball! Caden Keith scores Tae-kwon Kwon to second 1-1: Ground out 5-3 (Groundball, 56) | Batting: LHB Roberto Sandoval | 0-0: Called Strike 0-1: Swinging Strike 0-2: Strikes out swinging, 2-3 out at first. | Top of the 1st over - 1 run, 2 hits, 0 errors, 1 left on base; Kalamazoo 1 - St. Louis 0 | BOTTOM OF THE 1ST |
---|
St. Louis Browns batting - Pitching for Kalamazoo Royale with Cheese : LHP Octávio Ramírez | Pitching: LHP Octávio Ramírez | | Batting: RHB José Flores | 0-0: Ball 1-0: Called Strike 1-1: Ball 2-1: Foul Ball, location: 2F 2-2: Strikes out looking | Batting: RHB Anthony Rucker | 0-0: Ball 1-0: Ball 2-0: Ball 3-0: Called Strike 3-1: SINGLE (Groundball, 6MD) | Batting: RHB Carlos Alfaro | 0-0: Ball 1-0: Hit by Pitch Anthony Rucker to second | Batting: LHB Mike Hill | 0-0: Ball 1-0: Ball 2-0: Ball 3-0: Called Strike 3-1: Called Strike 3-2: SINGLE (Line Drive, 4M) Anthony Rucker to third Carlos Alfaro to second Runner from 3rd tries for Home, SAFE, no throw | Batting: SHB David Johnstone | 0-0: Foul Ball, location: 2F 0-1: Ball 1-1: Fly out, F3 (Popup, 3SF) | Batting: RHB Vicente Valentín | 0-0: Foul Ball, location: 2F 0-1: Ball 1-1: Ball 2-1: Fly out, F9 (Flyball, 9D) | Bottom of the 1st over - 1 run, 2 hits, 0 errors, 2 left on base; Kalamazoo 1 - St. Louis 1 | TOP OF THE 2ND |
---|
Kalamazoo Royale with Cheese batting - Pitching for St. Louis Browns : LHP Jeff Sandusky | Batting: LHB Bob Martin | 0-0: Ball 1-0: Called Strike 1-1: Ball 2-1: Swinging Strike 2-2: Strikes out looking | Batting: LHB Francisco Calderón | 0-0: Foul Ball, location: 2F 0-1: Ball 1-1: Ground out 1-3 (Groundball, 13S) | Batting: LHB Keith Tillman | 0-0: SINGLE (Groundball, 34D) | Batting: LHB Jorge Torres | 0-0: Ball 1-0: Fly out, F4 (Line Drive, 4) | Top of the 2nd over - 0 runs, 1 hit, 0 errors, 1 left on base; Kalamazoo 1 - St. Louis 1 | BOTTOM OF THE 2ND |
---|
St. Louis Browns batting - Pitching for Kalamazoo Royale with Cheese : LHP Octávio Ramírez | Batting: RHB Javier Martínez | 0-0: Ball 1-0: Ball 2-0: Called Strike 2-1: Ball 3-1: Fly out, F8 (Flyball, 8LS) | Batting: LHB Dave Watson | 0-0: Called Strike 0-1: Ground out 3-1 (Groundball, 34) | Batting: LHB Marvin Morris | 0-0: Ball 1-0: Ground out 4-3 (Groundball, 4) | Bottom of the 2nd over - 0 runs, 0 hits, 0 errors, 0 left on base; Kalamazoo 1 - St. Louis 1 | TOP OF THE 3RD |
---|
Kalamazoo Royale with Cheese batting - Pitching for St. Louis Browns : LHP Jeff Sandusky | Batting: LHB Javier Espinoza | 0-0: Foul Ball, location: 2F 0-1: Ball 1-1: Foul Ball, location: 2F 1-2: Foul Ball, location: 2F 1-2: Foul Ball, location: 2F 1-2: Foul Ball, location: 2F 1-2: Foul Ball, location: 2F 1-2: Foul Ball, location: 2F 1-2: Strikes out swinging | Batting: SHB Caden Keith | 0-0: Ball 1-0: Called Strike 1-1: Ball 2-1: Ball 3-1: Ground out 4-3 (Groundball, 4MD) | Batting: RHB Tae-kwon Kwon | 0-0: Swinging Strike 0-1: Ball 1-1: Ground out 6-3 (Groundball, 6) | Top of the 3rd over - 0 runs, 0 hits, 0 errors, 0 left on base; Kalamazoo 1 - St. Louis 1 | BOTTOM OF THE 3RD |
---|
St. Louis Browns batting - Pitching for Kalamazoo Royale with Cheese : LHP Octávio Ramírez | Batting: RHB José Flores | 0-0: Swinging Strike 0-1: Ball 1-1: Swinging Strike 1-2: Strikes out looking | Batting: RHB Anthony Rucker | 0-0: Swinging Strike 0-1: Ball 1-1: Called Strike 1-2: Ball 2-2: Strikes out looking | Batting: RHB Carlos Alfaro | 0-0: SINGLE (Groundball, 6D) | Batting: LHB Mike Hill | 0-0: Called Strike 0-1: Ball 1-1: Ball 2-1: Fly out, F7 (Flyball, 78M) | Bottom of the 3rd over - 0 runs, 1 hit, 0 errors, 1 left on base; Kalamazoo 1 - St. Louis 1 | TOP OF THE 4TH |
---|
Kalamazoo Royale with Cheese batting - Pitching for St. Louis Browns : LHP Jeff Sandusky | Batting: RHB José Velásquez | 0-0: Called Strike 0-1: Ball 1-1: Called Strike 1-2: Ball 2-2: Strikes out looking | Batting: LHB Roberto Sandoval | 0-0: Called Strike 0-1: Ball 1-1: Foul Ball, location: 2F 1-2: Strikes out swinging | Batting: LHB Bob Martin | 0-0: Called Strike 0-1: Called Strike 0-2: Foul Ball, location: 2F 0-2: Ball 1-2: Ball 2-2: Foul Ball, location: 2F 2-2: Foul Ball, location: 2F 2-2: Ball 3-2: Foul Ball, location: 2F 3-2: Strikes out looking | Top of the 4th over - 0 runs, 0 hits, 0 errors, 0 left on base; Kalamazoo 1 - St. Louis 1 | BOTTOM OF THE 4TH |
---|
St. Louis Browns batting - Pitching for Kalamazoo Royale with Cheese : LHP Octávio Ramírez | Batting: SHB David Johnstone | 0-0: Ball 1-0: Ball 2-0: Ground out 6-3 (Groundball, 6) | Batting: RHB Vicente Valentín | 0-0: Ball 1-0: Swinging Strike 1-1: Ball 2-1: SOLO HOME RUN (Line Drive, 7D), Distance : 372 ft | Batting: RHB Javier Martínez | 0-0: Called Strike 0-1: Foul Ball, location: 2F 0-2: Foul Ball, location: 2F 0-2: Strikes out looking | Batting: LHB Dave Watson | 0-0: Ball 1-0: Called Strike 1-1: Foul Ball, location: 2F 1-2: Strikes out swinging | Bottom of the 4th over - 1 run, 1 hit, 0 errors, 0 left on base; Kalamazoo 1 - St. Louis 2 | TOP OF THE 5TH |
---|
Kalamazoo Royale with Cheese batting - Pitching for St. Louis Browns : LHP Jeff Sandusky | Batting: LHB Francisco Calderón | 0-0: Foul Ball, location: 2F 0-1: Ball 1-1: Foul Ball, location: 2F 1-2: Fly out, F8 (Flyball, 78D) | Batting: LHB Keith Tillman | 0-0: Ground out U3 (Groundball, 3S) | Batting: LHB Jorge Torres | 0-0: Called Strike 0-1: Ball 1-1: Ball 2-1: DOUBLE (Flyball, 89XD) | Batting: LHB Javier Espinoza | 0-0: Ball 1-0: Foul Ball, location: 2F 1-1: Ball 2-1: Foul Ball, location: 2F 2-2: Foul Ball, location: 2F 2-2: Ball 3-2: Strikes out swinging | Top of the 5th over - 0 runs, 1 hit, 0 errors, 1 left on base; Kalamazoo 1 - St. Louis 2 | BOTTOM OF THE 5TH |
---|
St. Louis Browns batting - Pitching for Kalamazoo Royale with Cheese : LHP Octávio Ramírez | Batting: LHB Marvin Morris | 0-0: Foul Ball, location: 2F 0-1: Swinging Strike 0-2: Foul Ball, location: 2F 0-2: Foul Ball, location: 2F 0-2: Strikes out swinging | Batting: RHB José Flores | 0-0: Ball 1-0: Ball 2-0: Ball 3-0: Called Strike 3-1: Foul Ball, location: 2F 3-2: Base on Balls | Batting: RHB Anthony Rucker | 0-0: Ball Throwing error on steal attempt, E2 José Flores to third 1-0: Foul Ball, location: 2F 1-1: Ball 2-1: Ball 3-1: Ground out U3 (Groundball, 34S) | Batting: RHB Carlos Alfaro | 0-0: Called Strike 0-1: Called Strike 0-2: Strikes out swinging | Bottom of the 5th over - 0 runs, 0 hits, 1 error, 1 left on base; Kalamazoo 1 - St. Louis 2 | TOP OF THE 6TH |
---|
Kalamazoo Royale with Cheese batting - Pitching for St. Louis Browns : LHP Jeff Sandusky | Batting: SHB Caden Keith | 0-0: Called Strike 0-1: Fly out, F8 (Flyball, 8LM) | Batting: RHB Tae-kwon Kwon | 0-0: Called Strike 0-1: Ball 1-1: Fly out, F9 (Flyball, 9LMF) | Batting: RHB José Velásquez | 0-0: Foul Ball, location: 2F 0-1: Foul Ball, location: 2F 0-2: Ball 1-2: Foul Ball, location: 2F 1-2: Fly out, F7 (Flyball, 7) | Top of the 6th over - 0 runs, 0 hits, 0 errors, 0 left on base; Kalamazoo 1 - St. Louis 2 | BOTTOM OF THE 6TH |
---|
St. Louis Browns batting - Pitching for Kalamazoo Royale with Cheese : LHP Octávio Ramírez | Batting: LHB Mike Hill | 0-0: Called Strike 0-1: Ball 1-1: Foul Ball, location: 2F 1-2: SINGLE (Groundball, 6D) | Batting: SHB David Johnstone | 0-0: Ball 1-0: Ball 2-0: Foul Ball, location: 2F 2-1: Called Strike 2-2: Foul Ball, location: 2F 2-2: Strikes out swinging | Batting: RHB Vicente Valentín | 0-0: Ball 1-0: Ball 2-0: Ball 3-0: Called Strike 3-1: SINGLE (Line Drive, 89S) Mike Hill to second | Batting: RHB Javier Martínez | 0-0: Called Strike 0-1: Ball 1-1: Ground out 5-3 (Groundball, 56S) Mike Hill to third Vicente Valentín to second | Batting: LHB Dave Watson | 0-0: Swinging Strike 0-1: Ball 1-1: Foul Ball, location: 2F 1-2: Strikes out swinging | Bottom of the 6th over - 0 runs, 2 hits, 0 errors, 2 left on base; Kalamazoo 1 - St. Louis 2 | TOP OF THE 7TH |
---|
Kalamazoo Royale with Cheese batting - Pitching for St. Louis Browns : LHP Jeff Sandusky | Batting: LHB Roberto Sandoval | 0-0: SINGLE (Line Drive, 4MD) | Batting: LHB Bob Martin | 0-0: Bunted foul 0-1: Ball 1-1: Bunted foul 1-2: DOUBLE (Line Drive, 9LD) Roberto Sandoval to third | Pitching: RHP Jorge Pérez | | Batting: LHB Francisco Calderón | 0-0: SINGLE (Groundball, 56D) Roberto Sandoval scores Bob Martin to third | Batting: LHB Keith Tillman | 0-0: Ball Wild Pitch! Bob Martin scores Francisco Calderón to second 1-0: Foul Ball, location: 2F 1-1: Swinging Strike 1-2: SINGLE (Groundball, 34D) Francisco Calderón to third Runner from 3rd tries for Home, SAFE, no throw | Batting: LHB Jorge Torres | 0-0: Bunt - Flyout! F1 | Batting: LHB Javier Espinoza | 0-0: Ball 1-0: SINGLE (Groundball, 4MD) Keith Tillman to second | Batting: SHB Caden Keith | 0-0: Ball 1-0: Called Strike 1-1: Ball 2-1: Called Strike 2-2: Fly out, F7 (Flyball, 7D) Runner from 2nd tags up, SAFE at 3rd, no throw | Batting: RHB Tae-kwon Kwon | 0-0: Called Strike 0-1: SINGLE (Groundball, 6D) Keith Tillman scores Javier Espinoza to second | Batting: RHB José Velásquez | 0-0: Ground out 5-3 (Groundball, 56S) | Top of the 7th over - 4 runs, 6 hits, 0 errors, 2 left on base; Kalamazoo 5 - St. Louis 2 | BOTTOM OF THE 7TH |
---|
St. Louis Browns batting - Pitching for Kalamazoo Royale with Cheese : LHP Octávio Ramírez | Pitching: LHP Jason Simpson | | Batting: LHB Marvin Morris | 0-0: Foul Ball, location: 2F 0-1: Swinging Strike 0-2: Strikes out swinging | Batting: RHB José Flores | 0-0: Called Strike 0-1: Foul Ball, location: 2F 0-2: Ball 1-2: Foul Ball, location: 2F 1-2: SINGLE (Groundball, 56D) | Batting: RHB Anthony Rucker | 0-0: Ball José Flores steals 2nd base 1-0: Called Strike 1-1: Called Strike 1-2: Ball 2-2: Strikes out swinging, 2-3 out at first. | Batting: RHB Carlos Alfaro | 0-0: Ground out 4-3 (Groundball, 4) | Bottom of the 7th over - 0 runs, 1 hit, 0 errors, 1 left on base; Kalamazoo 5 - St. Louis 2 | TOP OF THE 8TH |
---|
Kalamazoo Royale with Cheese batting - Pitching for St. Louis Browns : RHP Jorge Pérez | Batting: LHB Roberto Sandoval | 0-0: Called Strike 0-1: Ground out 1-3 (Groundball, P) | Batting: LHB Bob Martin | 0-0: Called Strike 0-1: Called Strike 0-2: Foul Ball, location: 2F 0-2: Strikes out swinging | Batting: LHB Francisco Calderón | 0-0: Ball 1-0: Called Strike 1-1: Foul Ball, location: 2F 1-2: Ball 2-2: TRIPLE (Flyball, 78XD) | Batting: LHB Keith Tillman | 0-0: Ball 1-0: Called Strike 1-1: Swinging Strike 1-2: Ball 2-2: Ball 3-2: Fly out, F8 (Flyball, 8RS) | Top of the 8th over - 0 runs, 1 hit, 0 errors, 1 left on base; Kalamazoo 5 - St. Louis 2 | BOTTOM OF THE 8TH |
---|
St. Louis Browns batting - Pitching for Kalamazoo Royale with Cheese : LHP Jason Simpson | Batting: LHB Mike Hill | 0-0: Ball 1-0: Ball 2-0: Ball 3-0: Called Strike 3-1: Base on Balls | Batting: SHB David Johnstone | 0-0: Called Strike 0-1: Foul Ball, location: 2F 0-2: Ball 1-2: Ball 2-2: Strikes out swinging | Batting: RHB Vicente Valentín | 0-0: Ball 1-0: Called Strike 1-1: Called Strike 1-2: Foul Ball, location: 2F 1-2: SINGLE (Line Drive, 89S) Mike Hill to second | Batting: RHB Javier Martínez | 0-0: Swinging Strike 0-1: Foul Ball, location: 2F 0-2: Foul Ball, location: 2F 0-2: Foul Ball, location: 2F 0-2: Ball 1-2: Fly out, F8 (Flyball, 8LM) | Batting: LHB Dave Watson | 0-0: Called Strike 0-1: Swinging Strike 0-2: Foul Ball, location: 2F 0-2: Foul Ball, location: 2F 0-2: Strikes out swinging | Bottom of the 8th over - 0 runs, 1 hit, 0 errors, 2 left on base; Kalamazoo 5 - St. Louis 2 | TOP OF THE 9TH |
---|
Kalamazoo Royale with Cheese batting - Pitching for St. Louis Browns : RHP Jorge Pérez | Batting: LHB Jorge Torres | 0-0: Called Strike 0-1: Called Strike 0-2: Ball 1-2: Ball 2-2: DOUBLE (Groundball, 3L) | Batting: LHB Javier Espinoza | 0-0: Ground out 4-3 (Groundball, 4) Jorge Torres to third | Batting: SHB Caden Keith | 0-0: Intentional Walk | Batting: RHB Tae-kwon Kwon | 0-0: Ball 1-0: Grounds into double play, 6-4-3 (Groundball, 6) | Top of the 9th over - 0 runs, 1 hit, 0 errors, 1 left on base; Kalamazoo 5 - St. Louis 2 | BOTTOM OF THE 9TH |
---|
St. Louis Browns batting - Pitching for Kalamazoo Royale with Cheese : LHP Jason Simpson | Batting: LHB Marvin Morris | 0-0: Called Strike 0-1: Ball 1-1: Ball 2-1: Ball 3-1: Called Strike 3-2: Foul Ball, location: 2F 3-2: Ground out 4-3 (Groundball, 34) | Batting: RHB José Flores | 0-0: Ball 1-0: Ball 2-0: Ball 3-0: Base on Balls | Batting: RHB Anthony Rucker | 0-0: Ball 1-0: SINGLE (Line Drive, 89S) José Flores to second | Batting: RHB Carlos Alfaro | 0-0: Foul Ball, location: 2F 0-1: Ball Wild Pitch! José Flores to third Anthony Rucker to second 1-1: Ball 2-1: Foul Ball, location: 2F 2-2: Ball 3-2: Foul Ball, location: 2F 3-2: Base on Balls | Pitching: RHP Armen Boyajian | | Batting: LHB Mike Hill | 0-0: Swinging Strike 0-1: Fly out, F7 (Flyball, 78M) | Pinch Hitting: LHB Junior Coates | 0-0: Ball 1-0: Ball 2-0: Fly out, F7 (Flyball, 7S) | Bottom of the 9th over - 0 runs, 1 hit, 0 errors, 3 left on base; Kalamazoo 5 - St. Louis 2 | |